 Dungeon Crawl Stone Soup version 0.29-a0-284-gf9362112df (webtiles) character file.

Game seed: 12420302193203260672

64 yunder69 the Poker (level 3, -6/29 (31) HPs)
             Began as a Minotaur Berserker on Mar 24, 2022.
             Was a Believer of Trog.
             Killed by divine providence
             ... invoked by an orc priest
              (15 damage)
             ... on level 3 of the Dungeon on Mar 25, 2022.
             The game lasted 00:03:41 (2312 turns).

yunder69 the Poker (Minotaur Berserker)             Turns: 2312, Time: 00:03:43

HP:   -6/29 (31)    AC:  3    Str: 20 (21) XL:     3   Next: 91%
MP:   2/2           EV: 11    Int:  4 (6)  God:    Trog [**....]
Gold: 109           SH:  0    Dex:  6 (9)  Spells: 2/2 levels left

rFire   . . .      SeeInvis .   a - +0 spear
rCold   . . .      Faith    .   (no shield)
rNeg    . . .      Spirit   .   f - +0 leather armour
rPois   .          Reflect  .   (helmet restricted)
rElec   .          Harm     .   (no cloak)
rCorr   .          Rampage  .   (no gloves)
Will    .....                   (no boots)
Stlth   +.........              (no amulet)
HPRegen 0.09/turn               d - ring of wizardry
MPRegen 0.08/turn               (no ring)

@: drained
A: horns 2, retaliatory headbutt
a: Renounce Religion, Berserk, Trog's Hand


You were on level 3 of the Dungeon.
You worshipped Trog.
Trog was pleased with you.
You visited 1 branch of the dungeon, and saw 3 of its levels.

You collected 109 gold pieces.

Inventory:

Hand Weapons
 a - a +0 spear (weapon)
 o - a +0 triple crossbow
Armour
 b - a +0 animal skin
 f - a +0 leather armour (worn)
 n - a +0 scale mail
Jewellery
 d - a ring of wizardry (left hand)
 p - a ring of poison resistance
Scrolls
 e - a scroll of fear {unknown}
 j - a scroll of fog {unknown}
 k - 2 scrolls of identify
 l - a scroll of summoning
 m - a scroll of teleportation {unknown}
 q - a scroll of immolation {unknown}
Potions
 c - a potion of ambrosia {unknown}
 g - a potion of haste {unknown}
 h - a potion of heal wounds
 i - a potion of curing {unknown}


   Skills:
 - Level 3.6 Fighting
 + Level 4.8 Polearms
 - Level 2.4 Armour
 + Level 3.6 Dodging


You had 2 spell levels left.
You didn't know any spells.
Your spell library was empty.

Dungeon Overview and Level Annotations

Branches:
Dungeon (3/15)

Altars:

Shops:
D:2 [


Innate Abilities, Weirdness & Mutations

You have a pair of horns on your head.
You reflexively headbutt those who attack you in melee.


Message History

You reach to attack!
You miss the orc priest. You puncture the orc!
You kill the orc!
Trog accepts your kill.
You can now call upon Trog for regeneration and willpower.
You fail to use your ability.
The orc hits you with a +0 hand axe.
You barely miss the orc priest. Your headbutt misses the orc priest.
The orc priest calls down the wrath of Beogh upon you.
Beogh smites you!
An orc comes into view. It is wielding a +1 dagger of draining.
The orc misses you. You furiously retaliate!
You headbutt the orc!
You kill the orc!
Trog accepts your kill.
An adder comes into view.
The adder hisses angrily.
You miss the orc priest. The orc barely misses you.
The orc priest closely misses you.
You miss the orc priest.
A ball python comes into view.
The orc closely misses you.
The orc hits you with a +1 dagger of draining.
You feel drained. The orc priest hits you with a +0 whip.
You hit the orc priest but do no damage.
The orc hits you with a +0 club. The orc barely misses you.
The orc priest hits you with a +0 whip.
You hit the orc priest but do no damage.
Your headbutt misses the orc priest. The orc barely misses you.
The orc hits you with a +1 dagger of draining.
* * * LOW HITPOINT WARNING * * *
You feel drained.
A rat comes into view.
The orc priest closely misses you.
The orc priest attacks as you move away!
The orc priest hits you but does no damage.
The orc attacks as you move away! The orc closely misses you.
The orc barely misses you.
The orc priest invokes the aid of Beogh against you.
Beogh smites you!
Ouch! That really hurt!
You die... .. ###...#####.. ..# ##..## #### ######## #...###... ...... #.#...#.## ..... #.###...# ... #.......## .#### #.# #..####..# ......##o## #..# ##.# .r.SSSoo@.#

#..# ##.# ......g#.(###
##..# #...
######.#....###...####...
#.#.##...<......)...
#......#............
.....##.........<....
##..####....†.).......
.... #..............
##... #..............


You could see an orc priest, an adder, 2 orcs, a goblin, 2 ball pythons and a
rat.

Vanquished Creatures
  An adder (D:3)
  4 dart slugs
  2 orcs (D:3)
  3 endoplasms (D:1)
  3 giant cockroaches
  6 goblins
  4 hobgoblins
  3 jackals (D:2)
  3 kobolds
  A quokka (D:1)
  4 ball pythons
  4 bats
  2 rats (D:2)
40 creatures vanquished.

Notes
Turn   | Place    | Note
-------+----------+-------------------------------------------
     0 | D:1      | yunder69 the Minotaur Berserker began the quest for the
                  | Orb.
     0 | D:1      | Reached XP level 1. HP: 19/19 MP: 0/0
   273 | D:1      | Reached skill level 4 in Polearms
   273 | D:1      | Reached XP level 2. HP: 26/26 MP: 1/1
  1385 | D:2      | Reached XP level 3. HP: 25/31 MP: 2/2
  1568 | D:2      | Found a faded altar of an unknown god.
  1754 | D:2      | Found Xuschued's Armour Shop.
  2305 | D:3      | Reached ** piety under Trog
  2312 | D:3      | Killed from afar by an orc priest

Illustrated notes

Levels and vault maps discovered:
D:1:      lemuel_arrival_lava_pool, layout_basic
D:2:      layout_basic, serial_shops, shop, ebering_ecumenical_altar_hall,
          wad_floor_pattern_untrapped
D:3:      layout_rooms

Skill      XL: |  1  2 |
---------------+-------+-----
Polearms       | 4 |  4.8
Dodging        | 3 |  3.6
Fighting       | |  3.6
Armour         | |  2.4

Action                   || total
-------------------------++-------
Melee: Spear             ||    99
       Headbutt          ||    14
Invok: Berserk           ||     1
  Use: Scroll            ||     4
       Potion            ||     2
 Stab: Sleeping          ||     1
Armor: Animal skin       ||     9
       Leather armour    ||     6
Dodge: Dodged            ||    54

Table legend: (Time is in decaauts)
 A = Elapsed time spent in this place.
 B = Non-inter-level travel time spent in this place.
 C = Inter-level travel time spent in this place.
 D = Time resting spent in this place.
 E = Time spent auto-exploring this place.
 F = Levels seen in this place.
 G = Mean time per level.
                   A        B        C        D        E       F      G
               +--------+--------+--------+--------+--------+-----+--------+
         Total |   2311 |   2000 |    311 |    472 |   1280 |   3 |  770.3 |
       Dungeon |   2311 |   2000 |    311 |    472 |   1280 |   3 |  770.3 |
               +--------+--------+--------+--------+--------+-----+--------+

Top non-repeatable levels by time:
     D:1: 1315 daAuts
     D:2: 790 daAuts
     D:3: 204 daAuts
